 Dungeon Crawl Stone Soup version 0.20.0-6-gd3061e9 (webtiles) character file.

8465 joejoepie the Cruncher (level 11, -8/87 HPs)
             Began as a Barachi Fighter on May 28, 2017.
             Was a Priest of Makhleb.
             Killed by divine providence
             ... invoked by an orc priest
              (13 damage)
             ... on level 10 of the Dungeon.
             The game lasted 01:46:42 (9997 turns).

joejoepie the Cruncher (Barachi Fighter)            Turns: 9997, Time: 01:46:43

Health: -8/87      AC: 17    Str: 19    XL:     11   Next: 31%
Magic:  11/11      EV:  9    Int:  8    God:    Makhleb [***...]
Gold:   229        SH:  0    Dex: 14    Spells: 10/10 levels left

rFire    . . .     SeeInvis .   a - +5 morningstar
rCold    . . .     Gourm    .   (no shield)
rNeg     . . .     Faith    .   G - +0 chain mail
rPois    .         Spirit   .   g - +2 hat
rElec    .         Reflect  .   v - +2 cloak
rCorr    .         Harm     .   t - +0 pair of gloves
MR       +....                  (no boots)
Stlth    ..........             (no amulet)
Regen    0.3/turn               P - ring of protection from magic
MPRegen  0.2/turn               (no ring)

@: slow
A: +LOS, swims, slowness 1, strong legs 1
a: Hop, Minor Destruction, Lesser Servant of Makhleb, Renounce Religion


You were on level 10 of the Dungeon.
You worshipped Makhleb.
Makhleb was most pleased with you.
You were not hungry.

You visited 3 branches of the dungeon, and saw 12 of its levels.
You also visited: Ossuary.

You collected 709 gold pieces.
You spent 480 gold pieces at shops.

Inventory:

Hand Weapons
 a - a +5 morningstar (weapon)
 b - a +0 hunting sling
 C - a +0 hand axe of pain
 J - a +0 halberd of chopping
 O - a +4 quarterstaff of chaos
Missiles
 e - 300 stones (quivered)
 j - 4 tomahawks
 y - 14 sling bullets
Armour
 c - a +0 shield
 g - a +2 hat (worn)
 t - a +0 pair of gloves (worn)
 v - a +2 cloak (worn)
 G - a +0 chain mail (worn)
Jewellery
 K - an uncursed amulet of magic regeneration
 P - a ring of protection from magic (left hand)
Wands
 r - a wand of lightning (13/15)
 D - a wand of flame (31/48)
 E - a wand of digging (12/24)
 N - a wand of clouds (5/9)
 Q - a wand of polymorph (14/24)
 X - a wand of random effects (21/48)
 Y - a wand of lightning (0/15)
Scrolls
 h - 2 scrolls of teleportation
 o - 2 scrolls of recharging
 q - 5 scrolls of enchant weapon
 s - a scroll of identify
 H - 8 scrolls of remove curse
 M - a scroll of amnesia
Potions
 d - a potion of lignification
 k - a potion of magic
 l - a potion of ambrosia
 p - a potion of heal wounds
 w - a potion of agility
 x - 8 potions of curing
 z - a potion of flight
 F - 2 potions of haste
 I - 2 potions of resistance
 R - a potion of mutation
Books
 i - a book of Battle

   Spells                             Type                      Level
   a - Infusion                       Charms                       1
   b - Shroud of Golubria             Charms/Translocation         2
   c - Song of Slaying                Charms                       2
   d - Spectral Weapon                Hexes/Charms                 3
   e - Regeneration                   Charms/Necromancy            3
 L - a book of Summonings

   Spells                             Type                      Level
   a - Recall                         Summoning/Translocation      3
   b - Aura of Abjuration             Summoning                    5
   c - Summon Demon                   Summoning                    5
   d - Summon Forest                  Summoning/Translocation      5
   e - Summon Mana Viper              Hexes/Summoning              5
   f - Shadow Creatures               Summoning                    6
Miscellaneous
 m - a phial of floods (inert)
Comestibles
 f - 2 bread rations
 n - 10 fruits
 u - 4 meat rations
 A - 2 royal jellies
 B - 7 chunks of flesh


   Skills:
 + Level 8.8 Fighting
 + Level 3.2(5.7) Axes
 + Level 7.4(10.4) Maces & Flails
 * Level 10.9(11.7) Staves
 + Level 6.4 Slings
 + Level 0.2(3.9) Throwing
 + Level 8.4 Armour
 + Level 3.4 Dodging
 + Level 1.1 Stealth
 + Level 3.7 Shields
 + Level 0.1 Invocations
 + Level 0.4 Evocations


You had 10 spell levels left.
You didn't know any spells.

Dungeon Overview and Level Annotations

Branches:
Dungeon (10/15)            Temple (1/1) D:7            Lair (1/6) D:8
    Orc (0/2) D:10

Altars:
Ashenzari
Cheibriados
Dithmenos
Elyvilon
Fedhas
Gozag
Hepliaklqana
Kikubaaqudgha
Makhleb
Nemelex Xobeh
Okawaru
Qazlal
Ru
Sif Muna
Trog
Uskayaw
Vehumet
Xom
Zin
The Shining One

Shops:
D:4 }


Innate Abilities, Weirdness & Mutations

Shadows flee at your approach. (+LOS)
You can swim through water.
You cover ground slowly.
You can hop short distances.


Message History

Beogh smites you!
You closely miss the orc. The orc hits you but does no damage.
You puncture the orc!
You kill the orc!
Makhleb accepts your kill.
You impale the orc!!
You kill the orc!
Makhleb accepts your kill.
You feel better.
The orc priest invokes the aid of Beogh against you.
Beogh smites you!
* * * LOW HITPOINT WARNING * * *
The orc priest mumbles some strange prayers to Beogh against you.
Beogh smites you!
* * * LOW HITPOINT WARNING * * *
You hit the orc.
The orc is lightly wounded.
The orc priest calls down the wrath of Beogh upon you.
Beogh smites you!
You die... #..### ### #..#.. ..# ##.#.8o .8. #.# o.# #o. #.# #'###'# #.# #ooo# #.# #ooo#

#.# ##ooo#
#.####@###'#
#.#...## #o.
#.#.8.# o8..
#.))..#
o.#.#
#.##.## .##
# #..).# .
###### ##


You could see 3 orc priests, an orc wizard and 6 orcs.

Vanquished Creatures
  A two-headed ogre (D:9)
  Pikel (D:6)
  A rime drake (D:4)
  The ghost of ThereIsNoGod the Chopper, a novice GrGl (D:5)
  The ghost of zhorgal the Ruffian, a novice VSEE (Ossuary)
  3 hippogriffs
  5 yaks (D:9)
  A hungry ghost (D:5)
  Menkaure (D:6)
  3 wargs (D:8)
  2 orc warriors
  A black bear (D:10)
  2 ice beasts
  5 phantoms
  A sky beast (D:8)
  3 ogres
  4 centaurs
  A big kobold (D:7)
  An elf zombie (Ossuary)
  3 bullfrogs
  5 scorpions
  6 killer bees (D:7)
  5 wights (D:7)
  A howler monkey (D:5)
  4 crimson imps
  2 quasits
  A bullfrog zombie (D:8)
  Crazy Yiuf (D:2)
  A centaur zombie (D:10)
  9 hounds
  2 jellies
  10 orc priests
  3 centaur skeletons
  9 orc wizards
  2 bullfrog skeletons
  Jessica (D:3)
  Natasha (thrice) (D:2)
  2 iguanas
  Terence (D:3)
  4 worker ants
  A big kobold zombie (Ossuary)
  4 hound zombies
  3 mummies (Ossuary)
  A worker ant zombie (D:5)
  9 gnolls
  10 adders
  A shadow imp (D:5)
  An adder zombie (D:8)
  2 adder skeletons
  2 worms
  4 dart slugs
  5 leopard geckos
  64 orcs
  A ball python (D:3)
  6 giant cockroaches
  8 goblins
  11 hobgoblins
  11 jackals
  2 quokkas
  7 bats
  5 frilled lizards
  2 gnoll zombies (Ossuary)
  2 hobgoblin zombies (Ossuary)
  2 jackal zombies
  12 kobolds
  A leopard gecko skeleton (D:4)
  2 orc zombies (Ossuary)
  7 rats
  3 rat zombies
302 creatures vanquished.

Vanquished Creatures (others)
  A centaur (D:6)
  A mummy (Ossuary)
  A shadow imp (D:6)
  A quokka (D:6)
4 creatures vanquished.

Grand Total: 306 creatures vanquished

Notes
Turn   | Place    | Note
-------+----------+-------------------------------------------
     0 | D:1      | joejoepie the Barachi Fighter began the quest for the Orb.
     0 | D:1      | Reached XP level 1. HP: 18/18 MP: 1/1
   199 | D:1      | Reached XP level 2. HP: 21/25 MP: 2/2
   687 | D:2      | Reached XP level 3. HP: 30/30 MP: 3/3
   923 | D:2      | Found a runed door.
   927 | D:2      | Noticed Crazy Yiuf
   933 | D:2      | Killed Crazy Yiuf
   933 | D:2      | Reached skill level 1 in Slings
   933 | D:2      | Reached XP level 4. HP: 37/37 MP: 4/4
  1081 | D:2      | Noticed Natasha
  1092 | D:2      | Killed Natasha
  1190 | D:2      | Found a deep blue altar of Sif Muna.
  1272 | D:2      | Noticed Natasha
  1301 | D:2      | Killed Natasha
  1301 | D:2      | Reached XP level 5. HP: 34/43 MP: 5/5
  1304 | D:2      | Reached skill level 1 in Staves
  1375 | D:2      | Noticed Natasha
  1382 | D:2      | Killed Natasha
  1598 | D:3      | Noticed Jessica
  1834 | D:3      | Reached skill level 2 in Staves
  1839 | D:3      | Killed Jessica
  2037 | D:3      | Reached XP level 6. HP: 49/49 MP: 6/6
  2038 | D:3      | Noticed Terence
  2046 | D:3      | Killed Terence
  2084 | D:3      | Reached skill level 3 in Staves
  2128 | D:3      | Found a faded altar of an unknown god.
  2393 | D:3      | Found a deep blue altar of Sif Muna.
  2936 | D:3      | Reached skill level 4 in Staves
  3140 | D:4      | Reached XP level 7. HP: 53/55 MP: 7/7
  3265 | D:4      | Found Gomuth's Gadget Shoppe.
  3350 | D:4      | Reached skill level 5 in Staves
  3465 | D:4      | Reached skill level 5 in Armour
  3559 | D:4      | Noticed a rime drake
  3559 | D:4      | an ogre changed into a rime drake
  3560 | D:4      | Killed a rime drake
  3560 | D:4      | Reached skill level 5 in Fighting
  3560 | D:4      | Reached skill level 6 in Staves
  3560 | D:4      | Reached skill level 1 in Dodging
  3560 | D:4      | Reached XP level 8. HP: 62/62 MP: 8/8
  3806 | D:5      | Entered Level 5 of the Dungeon
  3877 | D:5      | Found a shimmering altar of Xom.
  3891 | D:5      | Noticed ThereIsNoGod's ghost (novice GrGl)
  3998 | D:6      | Noticed Menkaure
  4026 | D:5      | Reached skill level 7 in Staves
  4167 | D:6      | Killed Menkaure
  4522 | D:6      | Found a sand-covered staircase.
  4530 | Ossuary  | Entered an ossuary
  4530 | Ossuary  | Noticed zhorgal's ghost (novice VSEE)
  4561 | Ossuary  | Killed zhorgal's ghost
  4561 | Ossuary  | Reached skill level 8 in Staves
  4561 | Ossuary  | Reached XP level 9. HP: 40/69 MP: 9/9
  4567 | Ossuary  | Reached skill level 1 in Stealth
  5227 | D:7      | Reached skill level 9 in Staves
  5623 | D:7      | Reached skill level 5 in Slings
  5845 | D:7      | Found a staircase to the Ecumenical Temple.
  5852 | Temple   | Entered the Ecumenical Temple
  5912 | Temple   | Became a worshipper of Makhleb the Destroyer
  6329 | D:6      | Reached skill level 1 in Maces & Flails
  6503 | D:6      | Reached XP level 10. HP: 71/79 MP: 10/10
  6594 | D:6      | Noticed Pikel
  6609 | D:6      | Killed Pikel
  6623 | D:6      | Found an iron altar of Okawaru.
  6636 | D:6      | Reached * piety under Makhleb
  7042 | D:5      | Found a sacrificial altar of Ru.
  7115 | D:5      | Killed ThereIsNoGod's ghost
  7716 | D:5      | Reached skill level 10 in Staves
  7733 | D:5      | Found a bloodstained altar of Trog.
  8024 | D:8      | Reached skill level 5 in Maces & Flails
  8034 | D:8      | Found a staircase to the Lair.
  8343 | D:8      | Reached ** piety under Makhleb
  8549 | Lair:1   | Entered Level 1 of the Lair of Beasts
  8580 | D:9      | Noticed a two-headed ogre
  8836 | D:4      | Bought a phial of floods for 480 gold pieces
  9119 | D:9      | Reached XP level 11. HP: 60/86 MP: 11/11
  9377 | D:9      | Found a hide-covered altar of Uskayaw.
  9377 | D:9      | Found an ancient bone altar of Kikubaaqudgha.
  9452 | D:9      | Noticed a two-headed ogre
  9459 | D:9      | Killed a two-headed ogre
  9729 | D:10     | Entered Level 10 of the Dungeon
  9923 | D:10     | Reached *** piety under Makhleb
  9944 | D:10     | Found a staircase to the Orcish Mines.
  9997 | D:10     | Killed from afar by an orc priest

Skill      XL: |  1  2  3  4  5  6  7  8  9 10 11 |
---------------+----------------------------------+-----
Armour         | 4 5 6 7 8 |  8.4
Fighting       | 4 5 6 7 8 |  8.8
Slings         | 1 2 3 4 5 6 |  6.4
Axes           | 3 |  3.2
Staves         | 2 4 6 8 9 10 | 10.9
Dodging        | 1 2 3 |  3.4
Stealth        | 1 |  1.1
Maces & Flails | 1 6 7 |  7.4
Throwing       | |  0.2
Shields        | |  3.7
Invocations    | |  0.1
Evocations     | |  0.4

Action                   |  1- 3 |  4- 6 |  7- 9 | 10-12 || total
-------------------------+-------+-------+-------+-------++-------
Melee: War axe           |    38 |     4 |       |       ||    42
       Quarterstaff      |       |   156 |   261 |     7 ||   424
       Morningstar       |       |       |    66 |   362 ||   428
 Fire: Hunting sling     |    27 |    30 |   101 |    53 ||   211
Throw: Stone             |       |     4 |       |       ||     4
Invok: Minor Destruction |       |       |       |     1 ||     1
 Abil: Hop               |     2 |     3 |     3 |     1 ||     9
Evoke: Phial of floods   |       |       |       |     1 ||     1
  Use: Potion            |     5 |     3 |     1 |     2 ||    11
       Scroll            |     2 |     4 |    10 |     5 ||    21
 Stab: Confused          |       |       |     1 |       ||     1
       Petrified         |       |       |     1 |       ||     1
       Paralysed         |       |       |     1 |       ||     1
  Eat: Chunk             |       |     8 |     5 |     6 ||    19
       Meat ration       |       |       |     1 |       ||     1
       Bread ration      |       |       |     2 |     1 ||     3
Armor: Scale mail        |    18 |    82 |    29 |       ||   129
       Chain mail        |       |       |   244 |   275 ||   519
Dodge: Dodged            |    10 |   107 |   185 |   190 ||   492
Block: Shield            |    27 |       |       |       ||    27
